 Dungeon Crawl Stone Soup version 0.23.2-1-ga50397a (webtiles) character file.

Game seed: 7871228240427137656

17276 IBeShadow the Basher (level 12, -1/76 (77) HPs)
             Began as a Tengu Fighter on May 16, 2019.
             Was a High Priest of Dithmenos.
             Slain by a soul eater (2 damage)
             ... in a Gauntlet.
             The game lasted 00:30:43 (14694 turns).

IBeShadow the Basher (Tengu Fighter)               Turns: 14694, Time: 00:30:46

HP:   -1/76 (77)    AC: 11    Str: 20    XL:     12   Next: 46%
MP:   0/17          EV: 12    Int:  7    God:    Dithmenos [*****.]
Gold: 1012          SH:  0    Dex: 19    Spells: 8/11 levels left

rFire    . . .     SeeInvis +   R - +2 lajatang (venom)
rCold    . . .     Gourm    .   (shield currently unavailable)
rNeg     . . .     Faith    .   N - +5 ring mail of the Black Moon {+Blink Int-2 Dex+4}
rPois    .         Spirit   +   (helmet restricted)
rElec    .         Reflect  .   C - scarf {Spirit}
rCorr    .         Harm     .   (no gloves)
MR       .....     NoTele   +   (boots unavailable)
Stlth    +.........             J - amulet of rage
HPRegen  0.22/turn              L - +1 ring of protection
MPRegen  0.15/turn              y - ring of see invisible

@: flying quickly and evasively, wreathed by umbra, lightly drained, quick
A: beak, talons 3, able to fly
a: Stop Flying, Shadow Step, Shadow Form, Renounce Religion, Evoke Blink, Evoke
Berserk Rage


You were in a Gauntlet.
You worshipped Dithmenos.
Dithmenos was extremely pleased with you.
You were not hungry.

You visited 3 branches of the dungeon, and saw 15 of its levels.
You also visited: Sewer, Ossuary and Gauntlet.

You collected 1142 gold pieces.
You spent 130 gold pieces at shops.

Inventory:

Hand Weapons
 a - a +0 flail
 z - a +0 battleaxe
 M - a +0 whip of electrocution
 R - a +2 lajatang of venom (weapon)
Armour
 b - a +0 scale mail
 c - a +1 shield
 n - a +0 chain mail
 C - a scarf of spirit shield (worn)
 N - the +5 ring mail of the Black Moon (worn) {+Blink Int-2 Dex+4}
   (You found it on level 9 of the Dungeon)

   It affects your intelligence (-2).
   It affects your dexterity (+4).
   It lets you blink.
 Q - a +0 troll leather armour
Jewellery
 r - an uncursed ring of flight
 y - a ring of see invisible (right hand)
 J - an amulet of rage (around neck)
 K - an uncursed ring of fire
 L - a +1 ring of protection (left hand)
Wands
 P - a wand of acid (7)
Scrolls
 d - a scroll of amnesia {unknown}
 e - 6 scrolls of enchant armour
 g - 5 scrolls of remove curse
 i - a scroll of random uselessness {unknown}
 j - 4 scrolls of immolation
 k - 5 scrolls of fear
 p - 6 scrolls of teleportation
 u - 4 scrolls of magic mapping {unknown}
 v - 2 scrolls of blinking {unknown}
 w - 5 scrolls of enchant weapon {unknown}
 E - a scroll of identify
 I - a scroll of silence {unknown}
Potions
 h - a potion of agility
 l - 2 potions of haste
 o - 2 potions of berserk rage
 q - 3 potions of brilliance
 s - 5 potions of mutation
 t - 2 potions of resistance
 x - 2 potions of lignification
 A - 2 potions of might
 B - 3 potions of invisibility
 D - a potion of magic {unknown}
 F - 2 potions of curing
 G - 4 potions of flight {unknown}
 H - 4 potions of heal wounds
Comestibles
 f - 22 rations
 m - a chunk of flesh


   Skills:
 + Level 10.0(9.6) Fighting
 - Level 10.6(10.3) Maces & Flails
 * Level 0.3(6.4) Staves
 - Level 3.2(3.0) Armour
 - Level 10.0(9.7) Shields
 + Level 4.3(4.0) Charms
 + Level 5.7(5.4) Necromancy
 + Level 5.2(4.9) Invocations
 + Level 6.6(6.3) Evocations


You had 8 spell levels left.
You knew the following spells:

 Your Spells              Type           Power        Failure   Level  Hunger
a - Regeneration          Chrm/Necr      #.........   32%         3    ####...

Your spell library contained the following spells:

 Spells                   Type           Power        Failure   Level  Hunger
 Infusion                 Chrm           #...         16%         1    ##.....
 Song of Slaying          Chrm           #.......     22%         2    ###....
 Shroud of Golubria       Chrm/Tloc      #.........   45%         2    ###....
 Spectral Weapon          Hex/Chrm       #.......     71%         3    ####...
 Malign Gateway           Summ/Tloc      #.........   100%        7    #######
 Monstrous Menagerie      Summ           #.........   100%        7    #######
 Summon Greater Demon     Summ           #.........   100%        7    #######
 Summon Horrible Things   Summ           #.........   100%        8    #######


Dungeon Overview and Level Annotations

Branches:
Dungeon (11/15)            Temple (1/1) D:7            Lair (3/6) D:10
    Orc (0/2) D:11
  Swamp: Lair:2-4    Shoals: Lair:2-4     Snake: Lair:2-4    Spider: Lair:2-4

Altars:
Ashenzari
Cheibriados
Dithmenos
Elyvilon
Fedhas
Gozag
Hepliaklqana
Kikubaaqudgha
Makhleb
Nemelex Xobeh
Okawaru
Qazlal
Ru
Sif Muna
Trog
Uskayaw
Vehumet
Wu Jian
Xom
Yredelemnul
Zin
The Shining One

Shops:
D:4 *   D:6 }%(

Annotations:
D:10 Erolcha Gauntlet 5 transporters


Innate Abilities, Weirdness & Mutations

You have a beak for a mouth.
You have claws for feet.
You can fly continuously.


Message History

Okay, then.
Throwing (i - inventory)
O - a throwing net (quivered)
Press: ? - help, Shift-Dir - straight line, f - death ooze
Aim: a death ooze (umbra)
You throw a throwing net. The throwing net hits the death ooze.
The death ooze is caught in the net!
The death ooze struggles against the net.
The death ooze struggles against the net.
The death ooze struggles against the net.
The death ooze struggles against the net.
The death ooze struggles against the net.
There is a transporter here.
You enter the transporter and appear at another place.
The shadow imp closely misses you.
The death ooze struggles against the net.
The net rips apart, and the death ooze comes free!
The soul eater hits you.
* * * LOW HITPOINT WARNING * * *
You feel drained.
You die...

.#.........#.8§#....©....#...#..)
.###########...###########...####
....#.©.#....≈.............≈....#
..8.#...#...≈8≈...........≈8≈...#
....#.©.#....≈.............≈....#
.###########...###########...####
.#.........#.8.##..##.#..#...#...
.#..##.##..#...#.##.#..###...#.##
.#.#.^#^.#.#####@5##.##.##...##..
.#.#.©#..#.#...#35..#..###...###©
.#.^#####^.#©.§#.#########...#.#.
.#.#..#..#.#.J.#..###P...#...#...
.#.#.^#^.#^######..####.##...##.#
.#..##.##..#...#.#.#..#..#...####
.#..[.©....#.8.##.#[©!..##...#YYY
.###########...###########...####
.................................


You could see a soul eater, a death ooze and 2 shadow imps.

Vanquished Creatures
  A hydra (Lair:3)
  A two-headed ogre (D:10)
  An unseen horror (D:11)
  An ugly thing (D:11)
  A manticore (D:10)
  A moth of wrath (Gauntlet)
  A black mamba (Lair:1)
  2 spiny frogs
  2 rime drakes (Lair:1)
  A merfolk (D:9)
  3 trolls
  4 hippogriffs
  2 wraiths (D:10)
  A wyvern (D:10)
  A basilisk (shapeshifter) (Gauntlet)
  20 yaks
  A hungry ghost (D:11)
  6 water moccasins
  A floating eye (D:10)
  4 orc warriors
  6 porcupines
  2 sky beasts
  A black bear (D:11)
  4 ice beasts
  3 phantoms
  3 centaurs
  12 wolves
  A necrophage (D:5)
  6 ogres
  4 crocodiles
  7 big kobolds
  Blork the orc (D:4)
  7 bullfrogs
  A wyvern zombie (D:10)
  3 scorpions
  A killer bee (D:10)
  4 wights (D:8)
  7 crimson imps
  A bullfrog zombie (D:5)
  8 hounds
  4 jellies
  5 orc priests
  5 orc wizards
  2 centaur skeletons
  3 iguanas
  9 worker ants
  A hound zombie (D:10)
  A hound skeleton (D:5)
  9 mummies
  A howler monkey zombie (D:6)
  A worker ant zombie (D:8)
  6 gnolls
  3 gnoll zombies
  2 river rats (D:5)
  12 adders
  5 orc zombies
  5 shadow imps
  3 oozes (Sewer)
  An adder skeleton (D:4)
  3 worms
  A dart slug (D:1)
  3 leopard geckos
  26 orcs
  6 giant cockroaches
  6 goblins
  2 hobgoblins (D:1)
  16 jackals
  4 quokkas
  6 ball pythons
  5 bats
  A frilled lizard (D:2)
  A goblin zombie (D:6)
  2 hobgoblin zombies (Ossuary)
  23 kobolds
  2 kobold zombies
  A leopard gecko zombie (D:6)
  A quokka skeleton (D:6)
  A quokka zombie (D:8)
  11 rats
336 creatures vanquished.

Vanquished Creatures (others)
  2 bushes (D:10)
  6 fungi
  17 plants
  A withered plant (Gauntlet)
26 creatures vanquished.

Grand Total: 362 creatures vanquished

Notes
Turn   | Place    | Note
-------+----------+-------------------------------------------
     0 | D:1      | IBeShadow the Tengu Fighter began the quest for the Orb.
     0 | D:1      | Reached XP level 1. HP: 14/14 MP: 2/2
   136 | D:1      | Reached XP level 2. HP: 19/19 MP: 3/3
   835 | D:2      | Reached XP level 3. HP: 23/23 MP: 4/4
   981 | D:2      | Found a glowing golden altar of the Shining One.
  1232 | D:3      | Found a sacrificial altar of Ru.
  1421 | D:3      | Reached XP level 4. HP: 12/29 MP: 5/5
  1542 | D:3      | Found a shadowy altar of Dithmenos.
  2491 | D:4      | Found Vompogre's General Store.
  2494 | D:4      | Bought a potion of heal wounds for 50 gold pieces
  2494 | D:4      | Bought a potion of mutation for 80 gold pieces
  2526 | D:4      | Found a transporter.
  2530 | D:4      | Gained mutation: You can fly continuously. [Tengu growth]
  2530 | D:4      | Reached XP level 5. HP: 33/33 MP: 6/6
  2685 | D:4      | Found a transporter.
  2862 | D:4      | Reached XP level 6. HP: 39/39 MP: 7/7
  3019 | D:4      | Noticed Blork the orc
  3026 | D:4      | Killed Blork the orc
  3839 | D:5      | Entered Level 5 of the Dungeon
  3881 | D:5      | Reached skill level 5 in Shields
  3881 | D:5      | Reached XP level 7. HP: 44/44 MP: 8/8
  3884 | D:5      | Reached skill level 5 in Fighting
  3884 | D:5      | Reached skill level 5 in Maces & Flails
  3965 | D:5      | Found a sparkling altar of Nemelex Xobeh.
  4058 | D:5      | Reached XP level 8. HP: 41/51 MP: 9/9
  4137 | D:3      | Became a worshipper of Dithmenos the Shadowed
  4491 | D:5      | Found a glowing drain.
  4498 | Sewer    | Entered a sewer
  4643 | Sewer    | Reached * piety under Dithmenos
  5320 | D:5      | Found a glowing golden altar of the Shining One.
  5469 | D:6      | Found a hide-covered altar of Uskayaw.
  5574 | D:6      | Found a sand-covered staircase.
  5578 | D:6      | Reached ** piety under Dithmenos
  5581 | Ossuary  | Entered an ossuary
  5648 | Ossuary  | Reached XP level 9. HP: 27/57 MP: 2/10
  5975 | D:6      | Found Gaxiesom's Weapon Shoppe.
  5975 | D:6      | Found Olintul's Food Shoppe.
  6010 | D:6      | Reached skill level 1 in Invocations
  6320 | D:6      | Found Sazeq's Gadget Boutique.
  6431 | D:7      | Found a staircase to the Ecumenical Temple.
  6442 | D:7      | Reached skill level 1 in Evocations
  6447 | Temple   | Entered the Ecumenical Temple
  7335 | D:8      | Reached *** piety under Dithmenos
  7888 | D:8      | Reached XP level 10. HP: 23/64 MP: 8/13
  9049 | D:9      | Found a hazy altar of Hepliaklqana.
  9140 | D:9      | Got a spiked ring mail
  9141 | D:9      | Identified the +5 ring mail of the Black Moon {+Blink Int-2
                  | Dex+4} (You found it on level 9 of the Dungeon)
  9248 | D:9      | Reached **** piety under Dithmenos
  9508 | D:9      | Learned a level 3 spell: Regeneration
  9769 | D:10     | Entered Level 10 of the Dungeon
  9790 | D:10     | Noticed a manticore
  9801 | D:10     | Killed a manticore
  9801 | D:10     | Reached skill level 1 in Necromancy
  9885 | D:10     | Reached skill level 1 in Charms
  9891 | D:10     | Noticed a two-headed ogre
  9901 | D:10     | Killed a two-headed ogre
  9943 | D:10     | Reached XP level 11. HP: 65/69 MP: 15/15
 10191 | D:10     | Found a burning altar of Makhleb.
 10208 | D:10     | Noticed Erolcha
 10535 | D:11     | Noticed a green ugly thing
 10543 | D:11     | Killed a green ugly thing
 10543 | D:11     | Reached skill level 5 in Evocations
 10592 | D:11     | Noticed an unseen horror
 10603 | D:11     | Killed an unseen horror
 10728 | D:11     | Found a staircase to the Orcish Mines.
 11030 | D:10     | Found a staircase to the Lair.
 11100 | D:10     | Reached ***** piety under Dithmenos
 11531 | D:10     | Reached skill level 10 in Maces & Flails
 11631 | Lair:1   | Entered Level 1 of the Lair of Beasts
 11928 | Lair:1   | Reached skill level 5 in Necromancy
 11928 | Lair:1   | Reached XP level 12. HP: 43/77 MP: 9/17
 13457 | Lair:2   | Reached skill level 5 in Invocations
 14004 | Lair:3   | Noticed an eight-headed hydra
 14010 | Lair:3   | Killed an eight-headed hydra
 14010 | Lair:3   | Reached skill level 10 in Shields
 14206 | Lair:3   | Found a gate leading to a gauntlet.
 14241 | Gauntlet | Entered a Gauntlet
 14241 | Gauntlet | Found a transporter.
 14241 | Gauntlet | Found a transporter.
 14241 | Gauntlet | Found a transporter.
 14241 | Gauntlet | Noticed a death ooze
 14257 | Gauntlet | Found a transporter.
 14261 | Gauntlet | Found a transporter.
 14266 | Gauntlet | Noticed a death yak
 14266 | Gauntlet | Noticed a death yak
 14272 | Gauntlet | Noticed a death yak
 14273 | Gauntlet | Noticed a death yak
 14275 | Gauntlet | Found a transporter.
 14296 | Gauntlet | Found a transporter.
 14296 | Gauntlet | Noticed a soul eater
 14301 | Gauntlet | Identified the +2 shield of the Cooper {rN+ rCorr}
 14301 | Gauntlet | Noticed a minotaur
 14302 | Gauntlet | Found a transporter.
 14310 | Gauntlet | Found a transporter.
 14310 | Gauntlet | Noticed a death ooze
 14336 | Gauntlet | Found a transporter.
 14347 | Gauntlet | Found a transporter.
 14368 | Gauntlet | Found a transporter.
 14458 | Gauntlet | Reached skill level 10 in Fighting
 14674 | Gauntlet | Got a pair of distressingly furry boots
 14675 | Gauntlet | Identified the cursed +0 pair of boots "Quddutui" {rElec
                  | MR+ Int+4 Dex+2} (You found it in a Gauntlet)
 14688 | Gauntlet | HP: 3/77 [death ooze (14)]
 14694 | Gauntlet | HP: 1/76 [soul eater (3)]
 14694 | Gauntlet | Slain by a soul eater

Skill      XL: |  1  2  3  4  5  6  7  8  9 10 11 12 |
---------------+-------------------------------------+-----
Maces & Flails | 3 4 6 7 8 9 10 | 10.6
Shields        | 4 5 6 7 8 9 10 | 10.0
Fighting       | 4 5 7 8 9 10 | 10.0
Invocations    | 3 4 5 |  5.2
Evocations     | 2 4 6 |  6.6
Necromancy     | 2 5 |  5.7
Charms         | 1 3 4 |  4.3
Staves         | |  0.3
Armour         | |  3.2

Action                   |  1- 3 |  4- 6 |  7- 9 | 10-12 || total
-------------------------+-------+-------+-------+-------++-------
Melee: Flail             |    82 |    68 |       |       ||   150
       Kick              |    22 |    35 |   136 |   232 ||   425
       Peck              |    10 |    19 |    72 |   131 ||   232
       Mace              |       |    19 |   385 |    64 ||   468
       Whip              |       |       |       |   486 ||   486
       Lajatang          |       |       |       |     2 ||     2
Throw: Throwing net      |       |       |       |     1 ||     1
 Abil: Fly               |       |     1 |       |       ||     1
       Evoke Flight      |       |     1 |       |       ||     1
       Evoke Berserk Rag |       |       |       |     1 ||     1
Evoke: Wand              |       |       |       |     2 ||     2
  Use: Potion            |     1 |     4 |     1 |     5 ||    11
       Scroll            |       |     6 |     2 |     8 ||    16
  Eat: Chunk             |     1 |     5 |    12 |    19 ||    37
       Ration            |       |     1 |       |     1 ||     2
Armor: Scale mail        |    24 |       |       |       ||    24
       Chain mail        |    15 |    42 |   125 |    19 ||   201
       Ring mail         |       |       |       |    81 ||    81
Dodge: Dodged            |    26 |    15 |    58 |   160 ||   259
Block: Shield            |    43 |    41 |   203 |   263 ||   550
